| TOP OF THE 1ST |
|
Pulaski Yankees batting - Pitching for Princeton Rays : LHP Ryan Folks
|
|
Pitching: LHP Ryan Folks
|
|
|
Batting: RHB Bobby Melillo
|
0-0: Ball 1-0: Called Strike 1-1: Foul Ball, location: 2F 1-2: Ball 2-2: Ball 3-2: Foul Ball, location: 2F 3-2: Foul Ball, location: 2F 3-2: Base on Balls
|
|
Batting: LHB Joel Vera
|
0-0: Ball 1-0: Ball 2-0: Ball 3-0: Base on Balls Bobby Melillo to second
|
|
Batting: SHB Blake Abbott
|
0-0: Called Strike 0-1: Foul Ball, location: 2F 0-2: Foul Ball, location: 2F 0-2: Fielders Choice at 2nd, 5-4 (Groundball, 56, EV 86.3 MPH) Bobby Melillo to third
|
|
Batting: RHB Mike Gifford
|
0-0: Hit by Pitch Blake Abbott to second
|
|
Batting: RHB Seth Rutz
|
0-0: Fly out, F3 (Popup, 23F, EV 81.3 MPH)
|
|
Batting: LHB Dan Morris
|
0-0: Ball 1-0: Ball Wild Pitch! Bobby Melillo scores Blake Abbott to third Mike Gifford to second 2-0: Called Strike 2-1: Ground out 6-3 (Groundball, 56, EV 83.8 MPH)
|
| Top of the 1st over - 1 run, 0 hits, 0 errors, 2 left on base; Pulaski 1 - Princeton 0 |
| BOTTOM OF THE 1ST |
|
Princeton Rays batting - Pitching for Pulaski Yankees : RHP Tony Black
|
|
Pitching: RHP Tony Black
|
|
|
Batting: SHB Chris Lockart
|
0-0: Ball 1-0: Called Strike 1-1: Foul Ball, location: 2F 1-2: Ground out 4-3 (Groundball, 4, EV 87.5 MPH)
|
|
Batting: RHB Chris Thorson
|
0-0: Ball 1-0: Ball 2-0: DOUBLE (Flyball, 89D, EV 96.9 MPH)
|
|
Batting: LHB Rocky Crowley
|
0-0: Called Strike 0-1: Ball Wild Pitch! Chris Thorson to third 1-1: Ball 2-1: Foul Ball, location: 2F 2-2: Ball 3-2: Base on Balls
|
|
Batting: RHB Wil Urban
|
0-0: Ball 1-0: Ball 2-0: Ball 3-0: Base on Balls Rocky Crowley to second
|
|
Batting: SHB Lou Kroneman
|
0-0: Called Strike 0-1: Called Strike 0-2: Ball 1-2: DOUBLE (Line Drive, 7LM, EV 108.1 MPH) Chris Thorson scores Rocky Crowley scores Wil Urban to third Runner from 3rd tries for Home, throw by LF and OUT! 7-6-2
|
|
Batting: SHB Wayne Hattan
|
0-0: Foul Ball, location: 2F 0-1: Ball 1-1: DOUBLE (Line Drive, 7LM, EV 104.4 MPH) Lou Kroneman scores
|
|
Batting: RHB Kunizo Yanagisawa
|
0-0: Ball 1-0: Fly out, F8 (Flyball, 8RD, EV 101.9 MPH)
|
| Bottom of the 1st over - 3 runs, 3 hits, 0 errors, 1 left on base; Pulaski 1 - Princeton 3 |
| TOP OF THE 2ND |
|
Pulaski Yankees batting - Pitching for Princeton Rays : LHP Ryan Folks
|
|
Batting: SHB Joe Fure
|
0-0: Called Strike 0-1: SOLO HOME RUN (Flyball, 7LD, EV 92.5 MPH), Distance : 332 ft
|
|
Batting: RHB Johannes Gutermuth
|
0-0: Called Strike 0-1: Swinging Strike 0-2: SINGLE (Groundball, 6MD, EV 103.8 MPH)
|
|
Batting: RHB Roberto Tena
|
0-0: SINGLE (Groundball, 6D, EV 102.5 MPH) Johannes Gutermuth to second
|
|
Batting: RHB Bobby Melillo
|
0-0: Called Strike 0-1: Swinging Strike 0-2: Foul Ball, location: 2F 0-2: Ball 1-2: Grounds into double play, 6-4-3 (Groundball, 6S, EV 87.5 MPH) Johannes Gutermuth to third
|
|
Batting: LHB Joel Vera
|
0-0: Called Strike 0-1: Foul Ball, location: 2F 0-2: Foul Ball, location: 2F 0-2: Foul Ball, location: 2F 0-2: Ball 1-2: Strikes out swinging
|
| Top of the 2nd over - 1 run, 3 hits, 0 errors, 1 left on base; Pulaski 2 - Princeton 3 |
| BOTTOM OF THE 2ND |
|
Princeton Rays batting - Pitching for Pulaski Yankees : RHP Tony Black
|
|
Batting: RHB Bazyli Andrysiak
|
0-0: Ball 1-0: Ground out 6-3 (Groundball, 6, EV 98.8 MPH)
|
|
Batting: RHB Jim Lind
|
0-0: Called Strike 0-1: Ball 1-1: Ground out 6-3 (Groundball, 56D, EV 98.1 MPH)
|
|
Batting: SHB Chris Lockart
|
0-0: Ball 1-0: Ground out 4-3 (Groundball, 4, EV 76.9 MPH)
|
| Bottom of the 2nd over - 0 runs, 0 hits, 0 errors, 0 left on base; Pulaski 2 - Princeton 3 |
| TOP OF THE 3RD |
|
Pulaski Yankees batting - Pitching for Princeton Rays : LHP Ryan Folks
|
|
Batting: SHB Blake Abbott
|
0-0: Ball 1-0: Called Strike 1-1: Ball 2-1: Fly out, F4 (Popup, 4, EV 81.3 MPH)
|
|
Batting: RHB Mike Gifford
|
0-0: Called Strike 0-1: Swinging Strike 0-2: Foul Ball, location: 2F 0-2: Ball 1-2: Strikes out swinging
|
|
Batting: RHB Seth Rutz
|
0-0: Ball 1-0: Swinging Strike 1-1: Foul Ball, location: 2F 1-2: Ball 2-2: Strikes out looking
|
| Top of the 3rd over - 0 runs, 0 hits, 0 errors, 0 left on base; Pulaski 2 - Princeton 3 |
| BOTTOM OF THE 3RD |
|
Princeton Rays batting - Pitching for Pulaski Yankees : RHP Tony Black
|
|
Batting: RHB Chris Thorson
|
0-0: SINGLE (Groundball, 4MD, EV 105.6 MPH)
|
|
Batting: LHB Rocky Crowley
|
0-0: Ball 1-0: Ball Chris Thorson steals 2nd base 2-0: DOUBLE (Groundball, 3L, EV 95.6 MPH) Chris Thorson scores
|
|
Batting: RHB Wil Urban
|
0-0: Foul Ball, location: 2F 0-1: Ball 1-1: Foul Ball, location: 2F 1-2: Ball 2-2: 2-RUN HOME RUN (Flyball, 9D, EV 96.3 MPH), Distance : 398 ft
|
|
Batting: SHB Lou Kroneman
|
0-0: Ball 1-0: Ball 2-0: Ball 3-0: Base on Balls
|
|
Pitching: RHP Vince DeFord
|
|
|
Batting: SHB Wayne Hattan
|
0-0: SINGLE (Line Drive, 6D, EV 98.8 MPH) Lou Kroneman to second
|
|
Batting: RHB Kunizo Yanagisawa
|
0-0: TRIPLE (Flyball, 89XD, EV 104.4 MPH) Lou Kroneman scores Wayne Hattan scores
|
|
Batting: RHB Bazyli Andrysiak
|
0-0: Called Strike 0-1: Ball 1-1: Foul Ball, location: 2F 1-2: Foul Ball, location: 2F 1-2: Ball 2-2: Ball 3-2: Strikes out looking
|
|
Batting: RHB Jim Lind
|
0-0: Ball 1-0: Called Strike 1-1: Ball 2-1: Called Strike 2-2: Ball 3-2: Ground out 5-3 (Groundball, 5, EV 103.8 MPH)
|
|
Batting: SHB Chris Lockart
|
0-0: Ball 1-0: Ball 2-0: Ball 3-0: Base on Balls
|
|
Batting: RHB Chris Thorson
|
0-0: Swinging Strike 0-1: Foul Ball, location: 2F 0-2: Ball 1-2: Fielders Choice at 2nd, 6-4 (Groundball, 6, EV 82.5 MPH)
|
| Bottom of the 3rd over - 5 runs, 5 hits, 0 errors, 2 left on base; Pulaski 2 - Princeton 8 |
| TOP OF THE 4TH |
|
Pulaski Yankees batting - Pitching for Princeton Rays : LHP Ryan Folks
|
|
Batting: LHB Dan Morris
|
0-0: Swinging Strike 0-1: SOLO HOME RUN (Flyball, 7D, EV 96.9 MPH), Distance : 372 ft
|
|
Batting: SHB Joe Fure
|
0-0: Ball 1-0: Ball 2-0: Ball 3-0: Called Strike 3-1: Base on Balls
|
|
Batting: RHB Johannes Gutermuth
|
0-0: Called Strike 0-1: Ball 1-1: Ball Wild Pitch! Joe Fure to second 2-1: Swinging Strike 2-2: DOUBLE (Line Drive, 9LD, EV 98.1 MPH) Joe Fure scores
|
|
Batting: RHB Roberto Tena
|
0-0: Ball 1-0: Reached on error, E6 (Groundball, 6, EV 83.8 MPH) Johannes Gutermuth to third
|
|
Batting: RHB Bobby Melillo
|
0-0: Ball 1-0: Ball 2-0: Ball 3-0: Base on Balls Roberto Tena to second
|
|
Batting: LHB Joel Vera
|
0-0: Fielders Choice at 2nd, 4-6 (Groundball, 4, EV 83.1 MPH) Johannes Gutermuth scores Roberto Tena to third
|
|
Batting: SHB Blake Abbott
|
0-0: Ball 1-0: Ball 2-0: Called Strike 2-1: Foul Ball, location: 2F 2-2: Fielders Choice at 2nd, 5-4 (Groundball, 56, EV 88.1 MPH) Roberto Tena scores
|
|
Batting: RHB Mike Gifford
|
0-0: Ball 1-0: Ball 2-0: Called Strike 2-1: Ball 3-1: Foul Ball, location: 2F 3-2: Base on Balls Blake Abbott to second
|
|
Batting: RHB Seth Rutz
|
0-0: Called Strike 0-1: Foul Ball, location: 2F 0-2: Strikes out swinging
|
| Top of the 4th over - 4 runs, 2 hits, 1 error, 2 left on base; Pulaski 6 - Princeton 8 |
| BOTTOM OF THE 4TH |
|
Princeton Rays batting - Pitching for Pulaski Yankees : RHP Vince DeFord
|
|
Batting: LHB Rocky Crowley
|
0-0: Called Strike 0-1: Called Strike 0-2: Foul Ball, location: 2F 0-2: Fly out, F8 (Flyball, 8RXD, EV 102.5 MPH)
|
|
Batting: RHB Wil Urban
|
0-0: Foul Ball, location: 2F 0-1: Called Strike 0-2: Ball 1-2: Foul Ball, location: 2F 1-2: Foul Ball, location: 2F 1-2: Ball 2-2: SOLO HOME RUN (Flyball, 7LD, EV 92.5 MPH), Distance : 345 ft
|
|
Batting: SHB Lou Kroneman
|
0-0: Ball 1-0: Called Strike 1-1: Ball 2-1: Foul Ball, location: 2F 2-2: Ball 3-2: DOUBLE (Flyball, 8LXD, EV 99.4 MPH)
|
|
Pitching: LHP Fernando Mendoza
|
|
|
Batting: SHB Wayne Hattan
|
0-0: Called Strike 0-1: Called Strike 0-2: Ball 1-2: Foul Ball, location: 2F 1-2: Ball 2-2: Foul Ball, location: 2F 2-2: Foul Ball, location: 2F 2-2: Foul Ball, location: 2F 2-2: Foul Ball, location: 2F 2-2: Foul Ball, location: 2F 2-2: Ball 3-2: SINGLE (Line Drive, 89M, EV 90.0 MPH) Lou Kroneman to third Runner from 3rd tries for Home, throw by RF and OUT! 9-2 Wayne Hattan to second
|
|
Batting: RHB Kunizo Yanagisawa
|
0-0: Ball 1-0: Foul Ball, location: 2F 1-1: Ball 2-1: Swinging Strike 2-2: Ball 3-2: Strikes out swinging
|
| Bottom of the 4th over - 1 run, 3 hits, 0 errors, 1 left on base; Pulaski 6 - Princeton 9 |
| TOP OF THE 5TH |
|
Pulaski Yankees batting - Pitching for Princeton Rays : LHP Ryan Folks
|
|
Batting: LHB Dan Morris
|
0-0: Fly out, F6 (Popup, 4M, EV 55.0 MPH)
|
|
Batting: SHB Joe Fure
|
0-0: Called Strike 0-1: Ball 1-1: Called Strike 1-2: Ball 2-2: Foul Ball, location: 2F 2-2: Ball 3-2: SINGLE (Line Drive, 34D, EV 106.3 MPH)
|
|
Pitching: LHP Parker Martinet
|
|
|
Batting: RHB Johannes Gutermuth
|
0-0: Called Strike 0-1: Swinging Strike 0-2: Foul Ball, location: 2F 0-2: Strikes out swinging
|
|
Batting: RHB Roberto Tena
|
0-0: Ball 1-0: Ball 2-0: Ball 3-0: Base on Balls Joe Fure to second
|
|
Batting: RHB Bobby Melillo
|
0-0: Ball 1-0: Ball 2-0: Fielders Choice at 2nd, 6-4 (Groundball, 6, EV 101.3 MPH)
|
| Top of the 5th over - 0 runs, 1 hit, 0 errors, 2 left on base; Pulaski 6 - Princeton 9 |
| BOTTOM OF THE 5TH |
|
Princeton Rays batting - Pitching for Pulaski Yankees : LHP Fernando Mendoza
|
|
Batting: RHB Bazyli Andrysiak
|
0-0: Foul Ball, location: 2F 0-1: Called Strike 0-2: Ball 1-2: SINGLE (Groundball, 6MD, EV 110.0 MPH)
|
|
Batting: RHB Jim Lind
|
0-0: Swinging Strike 0-1: Ball 1-1: Ball 2-1: Ball 3-1: Foul Ball, location: 2F 3-2: Foul Ball, location: 2F 3-2: Strikes out swinging
|
|
Pitching: RHP David Sauers
|
|
|
Batting: SHB Chris Lockart
|
0-0: Called Strike 0-1: Swinging Strike 0-2: Strikes out swinging
|
|
Batting: RHB Chris Thorson
|
0-0: Ball 1-0: Ball 2-0: Ball 3-0: Called Strike 3-1: Fly out, F9 (Flyball, 9D, EV 101.9 MPH)
|
| Bottom of the 5th over - 0 runs, 1 hit, 0 errors, 1 left on base; Pulaski 6 - Princeton 9 |
| TOP OF THE 6TH |
|
Pulaski Yankees batting - Pitching for Princeton Rays : LHP Parker Martinet
|
|
Batting: LHB Joel Vera
|
0-0: Ball 1-0: Ball 2-0: Ball 3-0: Foul Ball, location: 2F 3-1: Called Strike 3-2: Foul Ball, location: 2F 3-2: Strikes out swinging
|
|
Batting: SHB Blake Abbott
|
0-0: Ball 1-0: Ball 2-0: Swinging Strike 2-1: DOUBLE (Flyball, 7LD, EV 106.3 MPH)
|
|
Batting: RHB Mike Gifford
|
0-0: Ball Balk! Blake Abbott to third 1-0: Foul Ball, location: 2F 1-1: Foul Ball, location: 2F 1-2: Strikes out swinging
|
|
Batting: RHB Seth Rutz
|
0-0: Swinging Strike 0-1: Swinging Strike 0-2: Fly out, F8 (Flyball, 8LM, EV 98.1 MPH)
|
| Top of the 6th over - 0 runs, 1 hit, 0 errors, 1 left on base; Pulaski 6 - Princeton 9 |
| BOTTOM OF THE 6TH |
|
Princeton Rays batting - Pitching for Pulaski Yankees : RHP David Sauers
|
|
Pitching: LHP Steve Martin
|
|
|
Batting: LHB Rocky Crowley
|
0-0: Ball 1-0: Foul Ball, location: 2F 1-1: Swinging Strike 1-2: Ball 2-2: Strikes out looking
|
|
Batting: RHB Wil Urban
|
0-0: Foul Ball, location: 2F 0-1: Ball 1-1: Ball 2-1: Called Strike 2-2: Ball 3-2: Strikes out looking
|
|
Batting: SHB Lou Kroneman
|
0-0: SINGLE (Groundball, 56D, EV 106.9 MPH)
|
|
Batting: SHB Wayne Hattan
|
0-0: Called Strike 0-1: Ball 1-1: Ball 2-1: Swinging Strike 2-2: Strikes out swinging, 2-3 out at first.
|
| Bottom of the 6th over - 0 runs, 1 hit, 0 errors, 1 left on base; Pulaski 6 - Princeton 9 |
| TOP OF THE 7TH |
|
Pulaski Yankees batting - Pitching for Princeton Rays : LHP Parker Martinet
|
|
Pitching: RHP John Morgan
|
|
|
Batting: LHB Dan Morris
|
0-0: Ball 1-0: Ball 2-0: Foul Ball, location: 2F 2-1: Called Strike 2-2: Ground out 5-3 (Groundball, 56S, EV 83.8 MPH)
|
|
Batting: SHB Joe Fure
|
0-0: Foul Ball, location: 2F 0-1: Fly out, F7 (Flyball, 7D, EV 87.5 MPH)
|
|
Batting: RHB Johannes Gutermuth
|
0-0: Ball 1-0: Called Strike 1-1: SOLO HOME RUN (Flyball, 9D, EV 100.6 MPH), Distance : 395 ft
|
|
Batting: RHB Roberto Tena
|
0-0: Called Strike 0-1: Swinging Strike 0-2: Ball 1-2: Strikes out swinging
|
| Top of the 7th over - 1 run, 1 hit, 0 errors, 0 left on base; Pulaski 7 - Princeton 9 |
| BOTTOM OF THE 7TH |
|
Princeton Rays batting - Pitching for Pulaski Yankees : LHP Steve Martin
|
|
Pitching: RHP Bobby Savoy
|
|
|
Batting: RHB Kunizo Yanagisawa
|
0-0: Foul Ball, location: 2F 0-1: Hit by Pitch
|
|
Batting: RHB Bazyli Andrysiak
|
0-0: Foul Ball, location: 2F 0-1: Sac Bunt to 23 - play at first, batter OUT! 3-4 Kunizo Yanagisawa to second
|
|
Batting: RHB Jim Lind
|
0-0: Ground out 6-3 (Groundball, 6, EV 103.1 MPH)
|
|
Batting: SHB Chris Lockart
|
0-0: Ball 1-0: Called Strike 1-1: Foul Ball, location: 2F 1-2: Fly out, F7 (Flyball, 78D, EV 110.6 MPH)
|
| Bottom of the 7th over - 0 runs, 0 hits, 0 errors, 1 left on base; Pulaski 7 - Princeton 9 |
| TOP OF THE 8TH |
|
Pulaski Yankees batting - Pitching for Princeton Rays : RHP John Morgan
|
|
Now at 1B: Rocky Crowley
|
|
|
Now in LF: Dan Marks
|
|
|
Now in CF: Berthold Frey
|
|
|
Batting: RHB Bobby Melillo
|
0-0: Ground out 6-3 (Groundball, 6, EV 81.3 MPH)
|
|
Batting: LHB Joel Vera
|
0-0: Swinging Strike 0-1: Ball 1-1: Called Strike 1-2: Ball 2-2: Ball 3-2: Strikes out swinging
|
|
Batting: SHB Blake Abbott
|
0-0: Fly out, F9 (Flyball, 89D, EV 81.3 MPH)
|
| Top of the 8th over - 0 runs, 0 hits, 0 errors, 0 left on base; Pulaski 7 - Princeton 9 |
| BOTTOM OF THE 8TH |
|
Princeton Rays batting - Pitching for Pulaski Yankees : RHP Bobby Savoy
|
|
Batting: RHB Chris Thorson
|
0-0: Ball 1-0: Ball 2-0: SINGLE (Groundball, 5S, EV 65.6 MPH) (infield hit)
|
|
Batting: LHB Rocky Crowley
|
0-0: Ball Chris Thorson is caught stealing 2nd base 2-6 1-0: Swinging Strike 1-1: Ball 2-1: Called Strike 2-2: Strikes out looking
|
|
Batting: RHB Wil Urban
|
0-0: Ball 1-0: Swinging Strike 1-1: Ball 2-1: Ball 3-1: SOLO HOME RUN (Flyball, 78XD, EV 99.4 MPH), Distance : 395 ft
|
|
Batting: SHB Lou Kroneman
|
0-0: Ground out 6-3 (Groundball, 6, EV 84.4 MPH)
|
| Bottom of the 8th over - 1 run, 2 hits, 0 errors, 0 left on base; Pulaski 7 - Princeton 10 |
| TOP OF THE 9TH |
|
Pulaski Yankees batting - Pitching for Princeton Rays : RHP John Morgan
|
|
Pitching: RHP Tim Inman
|
|
|
Batting: RHB Mike Gifford
|
0-0: SINGLE (Line Drive, 9S, EV 98.8 MPH)
|
|
Batting: RHB Seth Rutz
|
0-0: Ball 1-0: Called Strike 1-1: Foul Ball, location: 2F 1-2: Strikes out swinging
|
|
Batting: LHB Dan Morris
|
0-0: Grounds out, U3 (Groundball, 3L, EV 103.8 MPH)
|
|
Batting: SHB Joe Fure
|
0-0: Foul Ball, location: 2F 0-1: Ball 1-1: Ball 2-1: Ball 3-1: Foul Ball, location: 2F 3-2: Foul Ball, location: 2F 3-2: Base on Balls
|
|
Batting: RHB Johannes Gutermuth
|
0-0: Ball 1-0: DOUBLE (Flyball, 8LXD, EV 92.5 MPH) Mike Gifford scores Joe Fure to third
|
|
Batting: RHB Roberto Tena
|
0-0: Foul Ball, location: 2F 0-1: Ball 1-1: Ball 2-1: Called Strike 2-2: Hit by Pitch
|
|
Pitching: RHP Takenori Iwata
|
|
|
Batting: RHB Bobby Melillo
|
0-0: GRAND SLAM HOME RUN (Flyball, 7D, EV 100.6 MPH), Distance : 373 ft
|
|
Batting: LHB Joel Vera
|
0-0: Swinging Strike 0-1: Ball 1-1: Ground out U3 (Groundball, 34, EV 81.9 MPH)
|
| Top of the 9th over - 5 runs, 3 hits, 0 errors, 0 left on base; Pulaski 12 - Princeton 10 |
| BOTTOM OF THE 9TH |
|
Princeton Rays batting - Pitching for Pulaski Yankees : RHP Bobby Savoy
|
|
Pitching: RHP John Robidoux
|
|
|
Batting: RHB Dan Marks
|
0-0: Ball 1-0: Foul Ball, location: 2F 1-1: Called Strike 1-2: Ball 2-2: Ball 3-2: Strikes out swinging
|
|
Batting: SHB Berthold Frey
|
0-0: Called Strike 0-1: Swinging Strike 0-2: Foul Ball, location: 2F 0-2: Foul Ball, location: 2F 0-2: Foul Ball, location: 2F 0-2: Ball 1-2: Strikes out looking
|
|
Pinch Hitting: LHB Josh Redfern
|
0-0: Called Strike 0-1: Foul Ball, location: 2F 0-2: Ball 1-2: Ball 2-2: Strikes out swinging
|
| Bottom of the 9th over - 0 runs, 0 hits, 0 errors, 0 left on base; Pulaski 12 - Princeton 10 |
|